Cogmind - Beta 16.1 @@@ ROGUE MODE // 2026.03.25 @ 16:11:40 Player: cptwinky Result: Escaped! Performance ------------- Evolutions (9) 4500 Regions Visited (26) 5200 Robots Destroyed (659) 3295 Value Destroyed (26765) 26765 Prototype IDs (54) 1080 Alien Tech Used (3) 600 Bonus (13712) 13712 TOTAL SCORE: 55152 Bonus ------- Triggered High Security 500 High Alert Combat Kills 5548 Follower Combat Kills 1504 Entered Garrisons 200 Used RIF Installer 500 Network Hubs Disabled 200 Met R17 at Cetus 500 Met R17 at Research 2000 Win 3000 Friendly Fire -240 Cogmind --------- Core Integrity 1415/1600 Matter 124/300 Energy 569/600 System Corruption 19% Temperature Cool (13) Movement Walking (110) Location To Epsilon Eridani Parts ------- > --- POWER (3) -------- Improved Quantum Reactor Improved Quantum Reactor Matter Drive > --- PROPULSION (7) --- Centrium Leg Centrium Leg Centrium Leg Centrium Leg Centrium Leg Heavy Shield Leg > --- UTILITY (12) ----- Experimental Cooling System Large Storage Unit Advanced Sensor Array Experimental Signal Interpreter Advanced Targeting Computer Core Analyzer Advanced Transmission Jammer Advanced Reaction Control System Centrium Medium Armor Plating Graphene Brace AEGIS Remote Shield Improved Hacking Suite > --- WEAPON (3) ------- Hypervelocity Railgun Sigix Broadsword > --- INVENTORY (15) --- Quantum Reactor Quantum Reactor Centrium Leg Experimental Energy Well (600) Heavy Reflective Plating AEGIS Remote Shield Long-range Tractor Beam Transdimensional Reconstructor Compact HERF Cannon Gamma Bomb Array Z-bomb Delivery System Advanced Remote Datajack Peak State ------------ > --- POWER ------------ Improved Quantum Reactor Improved Quantum Reactor Matter Drive > --- PROPULSION ------- Centrium Leg Centrium Leg Centrium Leg Centrium Leg Centrium Leg Heavy Shield Leg > --- UTILITY ---------- Experimental Cooling System Large Storage Unit Advanced Sensor Array Experimental Signal Interpreter Advanced Targeting Computer Core Analyzer Advanced Transmission Jammer Advanced Reaction Control System Centrium Medium Armor Plating Graphene Brace AEGIS Remote Shield Improved Hacking Suite > --- WEAPON ----------- Hypervelocity Railgun Sigix Broadsword > --- INVENTORY -------- Quantum Reactor Quantum Reactor Centrium Leg Experimental Energy Well Heavy Reflective Plating AEGIS Remote Shield Long-range Tractor Beam Transdimensional Reconstructor Compact HERF Cannon Gamma Bomb Array Z-bomb Delivery System Advanced Remote Datajack [Rating: 218] Favorites ----------- Power Heavy Deuterium Engine Engine Heavy Deuterium Engine Power Core Nuclear Core Reactor Improved Quantum Reactor Propulsion Light Treads Treads Light Treads Leg Centrium Leg Wheel Armored Huge Wheel Hover Unit Combat Airjet Utility Core Analyzer Device Hardlight Generator Storage Huge Storage Unit Processor Core Analyzer Hackware Hacking Suite Protection Light Regenerative Plating Weapon Cooled Particle Cannon Energy Gun Beam Rifle Energy Cannon Cooled Particle Cannon Ballistic Gun Improved Assault Rifle Ballistic Cannon Enhanced Hardcell Cannon Launcher Rocket Launcher Special Weapon Remote Datajack Impact Weapon Impact Mace Slashing Weapon Sigix Broadsword Piercing Weapon Kinetic Spear Special Melee Weapon Improved Datajack Build | -11 -10 -10 -9 -9 -8 -8 -8 -7 -7 -7 -7 -5 -5 -5 -5 -5 -4 -4 -4 -4 -4 -3 -3 -2 -2 -1 ------- Run | Yrd Mat Min Mat Min Mat Gar Mat Fac Sto Rec Scr Fac Was Fac Upp Upp Fac Ext Cet Arc Hub Res Tes Res Qua Acc Slots Evolved 18 | . . . 2 . 2 . . 2 . . . 4 . . . . 2 . . . . 2 . 2 . 2 Power 2 | . . . . . . . . . . . . 1 . . . . . . . . . 1 . . . . Propulsion 5 | . . . 1 . . . . . . . . 3 . . . . 1 . . . . . . . . . Utility 10 | . . . 1 . 2 . . 2 . . . . . . . . 1 . . . . . . 2 . 2 Weapon 1 | . . . . . . . . . . . . . . . . . . . . . . 1 . . . . Parts Attached 329 | 6 5 2 29 1 29 4 20 8 23 8 9 . 8 26 1 2 6 41 8 5 4 20 27 9 16 12 Power 48 | 1 . 1 3 . 1 2 1 1 3 . . . 1 2 1 . 2 9 2 1 . 4 6 1 4 2 Engine 15 | 1 . 1 3 . 1 2 1 . 2 . . . 1 . . . 2 . . . . . 1 . . . Core 9 | . . . . . . . . 1 1 . . . . 2 1 . . 3 . . . . 1 . . . Reactor 24 | . . . . . . . . . . . . . . . . . . 6 2 1 . 4 4 1 4 2 Propulsion 94 | 2 . 1 6 . 10 2 7 1 5 4 3 . 3 1 . . 1 22 2 2 1 1 6 4 8 2 Treads 42 | 2 . 1 5 . 10 2 6 1 5 2 1 . . . . . . 2 2 2 1 . . . . . Leg 43 | . . . . . . . 1 . . 1 . . . . . . . 20 . . . 1 6 4 8 2 Wheel 2 | . . . 1 . . . . . . . . . . . . . 1 . . . . . . . . . Hover 7 | . . . . . . . . . . 1 2 . 3 1 . . . . . . . . . . . . Flight . | . . . . . . . . . . . . . . . . . . . . . . . . . . . Utility 119 | 1 3 . 10 1 9 . 5 4 10 2 3 . 3 20 . 2 3 6 3 1 3 10 9 2 3 6 Device 55 | . . . 6 . 3 . 2 3 1 1 1 . 1 15 . 1 1 3 . 1 . 7 4 1 3 1 Storage 9 | 1 1 . 2 . . . 1 . . . . . . 2 . . . . . . . . 2 . . . Processor 14 | . 1 . . . 2 . . . 1 . . . 1 1 . . 2 2 . . . 2 1 1 . . Hackware 18 | . . . . . 1 . 1 1 3 1 1 . 1 1 . . . . . . 3 . 1 . . 4 Protection 23 | . 1 . 2 1 3 . 1 . 5 . 1 . . 1 . 1 . 1 3 . . 1 1 . . 1 Artifact . | . . . . . . . . . . . . . . . . . . . . . . . . . . . Weapon 68 | 2 2 . 10 . 9 . 7 2 5 2 3 . 1 3 . . . 4 1 1 . 5 6 2 1 2 Energy Gun 13 | 2 2 . 6 . 3 . . . . . . . . . . . . . . . . . . . . . Energy Cannon 9 | . . . . . . . . 1 3 1 . . 1 1 . . . . . . . . 1 . . 1 Ballistic Gun 15 | . . . . . 4 . 3 . . 1 . . . . . . . . 1 1 . 3 . 2 . . Ballistic Cannon 6 | . . . . . . . . . . . . . . . . . . 2 . . . 2 2 . . . Launcher 11 | . . . 2 . 2 . 2 1 1 . . . . 1 . . . . . . . . 2 . . . Special Weapon 5 | . . . . . . . . . 1 . 2 . . . . . . 1 . . . . . . . 1 Impact Weapon 3 | . . . 1 . . . 1 . . . . . . 1 . . . . . . . . . . . . Slashing Weapon 2 | . . . . . . . . . . . 1 . . . . . . . . . . . . . 1 . Piercing Weapon 1 | . . . . . . . . . . . . . . . . . . . . . . . 1 . . . Special Melee Weapon 3 | . . . 1 . . . 1 . . . . . . . . . . 1 . . . . . . . . Unidentified Prototypes 23 | . . . 1 . 2 . . . 1 . . . 1 5 . . . . 3 . . . 7 . 2 1 Corrupted Parts 9 | . . 1 . . . . . . . 1 1 . . . . . . . . . 1 . 5 . . . System Corruption 49 | . . 2 . . . . . . . 2 1 . . . . . . . . . 8 . 36 . . . Parts Lost 72 | . . 6 3 1 6 1 . . 5 . . . . 12 2 . 4 10 1 . 10 1 6 . 1 3 Power 14 | . . 1 . . . 1 . . . . . . . 2 1 . 2 2 . . 2 . 3 . . . Propulsion 19 | . . 2 1 . 2 . . . 1 . . . . 3 . . 2 4 . . 3 . 1 . . . Utility 28 | . . . 2 1 3 . . . 4 . . . . 5 1 . . 2 1 . 4 1 1 . 1 2 Weapon 11 | . . 3 . . 1 . . . . . . . . 2 . . . 2 . . 1 . 1 . . 1 Highest Loss Streak 9 | . . 5 1 1 4 1 . . 2 . . . . 5 2 . 3 7 1 . 9 1 4 . 1 1 To Critical Strikes 2 | . . . . . . . . . . . . . . . 1 . . . 1 . . . . . . . Average Backups 18 | 2 9 9 16 19 19 20 20 24 24 24 24 24 8 8 7 8 9 9 9 9 8 4 6 13 13 13 Power . | . 1 . . 1 . . . 1 . 1 1 1 . . 1 1 . . . . . . . . . . Propulsion 1 | 1 2 1 1 1 . 1 1 2 3 4 4 6 . . . . . . . . . . . 1 . . Utility 7 | . 2 3 5 6 6 8 8 9 9 8 7 7 1 3 4 4 6 5 6 6 4 1 3 4 6 5 Weapon 6 | . 3 3 7 9 9 9 9 10 8 9 9 7 3 2 . . . . . . 1 3 3 5 4 3 Tool/Special . | . . . . . . . . . . . . . . . . . . . . . . . . . . . Unused Backups 49 | . 4 . 10 . 9 1 . 2 1 1 3 . 3 3 . 2 . 1 . . 2 1 2 . 1 3 Power 3 | . . . 1 . . . . 1 . . . . . . . . . . . . . . . . . 1 Propulsion 3 | . 2 . . . . . . . . . 1 . . . . . . . . . . . . . . . Utility 12 | . . . . . 3 . . 1 . 1 1 . 2 1 . . . 1 . . . 1 . . . 1 Weapon 25 | . 2 . 9 . 6 . . . 1 . 1 . 1 2 . . . . . . . . 2 . 1 . Tool/Special 6 | . . . . . . 1 . . . . . . . . . 2 . . . . 2 . . . . 1 Average Slot Usage (%) 94 | . 98 91 98 100 93 89 95 87 98 99 99 82 98 94 67 66 67 87 90 85 87 66 82 91 97 93 Engine 6 | . 14 14 11 11 9 8 9 2 6 7 7 5 10 8 . . 1 . . . . . . . . . Reactor 1 | . . . . . . . . . . . . . . . . . . 4 10 10 10 4 10 13 13 12 Treads 20 | . 28 23 31 33 27 27 27 23 23 23 22 23 1 . . . . . 5 16 20 14 2 . . . Leg 3 | . . . . . . . . . . . . . . . . . . 29 25 8 4 2 17 21 30 26 Hover 1 | . . . . . . . . . . . . . 32 33 17 17 11 . . . . . . . . . Device 10 | . . . 10 11 12 9 10 18 11 5 . . 8 11 8 7 6 7 7 7 6 13 12 16 20 22 Storage 7 | . 14 14 11 11 8 9 9 7 7 7 7 5 1 4 5 5 5 5 5 5 4 . 2 4 4 4 Processor 10 | . 11 14 . . 4 9 9 7 14 15 15 11 12 13 11 11 19 15 15 15 15 17 15 13 14 12 Hackware 1 | . . . . . 3 . 3 . . . 7 5 3 1 . . . . . . 4 2 2 4 1 6 Protection 10 | . 1 . 10 11 9 9 8 6 16 23 22 17 11 5 5 5 5 7 8 10 8 . 2 3 1 1 Energy Gun 3 | . 28 23 16 21 7 . . . . . . . . . . . . . . . . . . . . . Energy Cannon 4 | . . . . . . . . . 11 9 7 11 11 8 5 5 5 2 . . . . . . . . Ballistic Gun 4 | . . . . . 9 13 15 13 1 . . . . . . . . . 3 7 8 6 1 4 6 3 Launcher 1 | . . . 3 . . . 2 . 1 . 1 . . . . . . . . . . . . . . . Peak Build Rating 218 | 6 11 11 17 16 35 35 36 43 51 55 61 59 86 93 76 80 96 109 132 135 135 157 178 193 201 218 Average Rating 60 | 4 10 9 15 15 31 33 31 39 49 49 53 59 82 84 69 71 80 95 120 132 130 123 158 189 186 207 On Entrance 71 | . 6 11 7 16 16 34 33 36 43 47 48 58 59 86 66 66 77 67 107 131 134 80 153 178 176 201 Avg Prop Armor Cover (%) 9 | . . . 15 . . . . . . . 8 . . . . . 4 7 8 7 6 12 6 . . 2 Naked Turns . | . . . . . . . . . . . . . . . . . . . . . . . . . . . Heaviest Build 130 | 11 19 19 61 58 79 81 121 126 126 117 120 120 46 60 43 42 65 80 77 79 76 86 103 98 108 130 Greatest Support 263 | 40 40 40 60 60 63 60 60 60 60 60 60 80 71 76 43 43 43 160 160 216 263 235 235 202 208 210 Greatest Overweight (x) 4 | . . . 1 . 1 1 2 2 2 1 4 1 . 1 . . 2 2 1 1 . . . . . . Average Overweight (x) . | . . . . . . 1 1 1 1 1 1 1 . . . . . . . . . . . . . . Largest Inventory Capacity 25 | 8 10 10 20 20 20 20 25 25 25 25 25 25 25 10 10 10 10 10 10 10 10 5 15 15 15 15 Average Capacity 19 | 6 9 10 17 20 19 20 22 25 25 25 25 25 8 9 10 10 10 10 10 10 9 5 10 15 15 15 Most Carried 25 | 7 10 10 20 20 20 20 24 25 25 25 25 24 23 10 8 10 10 10 10 10 10 5 13 15 15 15 Average Carried 18 | 2 9 9 16 19 19 19 21 24 24 24 24 24 6 9 7 8 9 9 9 9 8 4 6 13 14 14 Final Capacity 25 | 8 10 10 20 20 20 20 25 25 25 25 25 25 5 10 10 10 10 10 10 10 5 5 15 15 15 15 Final Carried 25 | 7 10 8 19 20 20 20 24 25 25 25 25 24 5 7 7 10 10 10 9 10 4 5 13 15 15 13 Class Distribution -------------------- 56% | Scavenger-Mutant 26% | Mutant 5% | Commander-Mutant 4% | Bothacker-Mutant Dominant Class ---------------- Mutant | -10/Materials Mutant | -10/Mines Scavenger-Mutant | -9/Materials Scavenger-Mutant | -9/Mines Scavenger-Mutant | -8/Materials Scavenger-Mutant | -8/Garrison Scavenger-Mutant | -8/Materials Scavenger-Mutant | -7/Factory Mutant | -7/Storage Commander-Mutant | -7/Recycling Commander-Mutant | -7/Scraptown Commander-Mutant | -5/Factory Scavenger-Mutant | -5/Waste Scavenger-Mutant | -5/Factory Mutant | -5/Upper Caves Mutant | -5/Upper Caves Assassin | -4/Factory Scavenger-Mutant | -4/Extension Scavenger-Mutant | -4/Cetus Scavenger-Mutant | -4/Archives Scavenger-Mutant | -4/Hub_04(d) Scavenger-Mutant | -3/Research Scavenger-Mutant | -3/Testing Scavenger-Gunner | -2/Research Scavenger-Mutant | -2/Quarantine Scavenger-Mutant | -1/Access Resources | -11 -10 -10 -9 -9 -8 -8 -8 -7 -7 -7 -7 -5 -5 -5 -5 -5 -4 -4 -4 -4 -4 -3 -3 -2 -2 -1 ----------- Run | Yrd Mat Min Mat Min Mat Gar Mat Fac Sto Rec Scr Fac Was Fac Upp Upp Fac Ext Cet Arc Hub Res Tes Res Qua Acc Matter Collected 14804 | 247 113 118 860 226 1218 468 1787 417 1588 213 260 . . 838 56 37 102 1208 362 321 384 270 892 574 820 1425 Remotely 10 | . . . . . . . . . . . . . . . . . . . . . . 10 . . . . Salvage Created 27123 | 29 222 71 1922 75 2564 778 2435 446 3637 538 150 . . 2038 368 225 957 1535 562 444 800 61 1691 609 1672 3294 Parts 1411 | 4 7 6 147 2 150 48 153 20 171 18 15 . . 93 6 1 28 44 16 26 45 5 91 27 82 206 Haulers Intercepted 36 | . 2 . 5 . 6 . 5 1 6 . . . . 6 . . 1 . . . . . 1 . . 3 Recyclers Shooed 25 | 1 2 2 1 . 2 . 1 3 2 . . . . 6 1 . . 1 . . . . 1 1 . 1 Parts Field Recycled . | . . . . . . . . . . . . . . . . . . . . . . . . . . . Retrieved Matter . | . . . . . . . . . . . . . . . . . . . . . . . . . . . Parts Self-Destructed 7 | . . . . . . . . . . . 2 . . . 3 2 . . . . . . . . . . Prevented . | . . . . . . . . . . . . . . . . . . . . . . . . . . . Parts Restored . | . . . . . . . . . . . . . . . . . . . . . . . . . . . Kills | -11 -10 -10 -9 -9 -8 -8 -8 -7 -7 -7 -7 -5 -5 -5 -5 -5 -4 -4 -4 -4 -4 -3 -3 -2 -2 -1 ------- Run | Yrd Mat Min Mat Min Mat Gar Mat Fac Sto Rec Scr Fac Was Fac Upp Upp Fac Ext Cet Arc Hub Res Tes Res Qua Acc Combat Hostiles Destroyed 466 | . 2 4 55 3 51 24 51 11 80 4 . . . 33 4 . 9 16 7 4 14 . 20 9 18 47 Melee 30 | . . . . . 1 1 . . . . . . . 1 2 . . 1 . . . . 5 . 1 18 Guns 170 | . 2 2 36 1 30 12 21 4 11 . . . . . . . . . 4 4 14 . 1 4 14 10 Cannons 78 | . . . . . . . . . 28 3 . . . 18 . . 6 11 3 . . . 3 3 3 . AOE 162 | . . 2 19 2 20 11 30 5 40 . . . . 10 . . 2 . . . . . 5 2 . 14 Classes Destroyed 21 | 1 2 2 9 . 2 . 1 1 . . . . . 2 1 . . . . . . . . . . . Worker 40 | . . . 5 . 8 . 6 1 4 . . . . 7 . . 1 . . . . 1 1 . . 6 Builder 43 | . . . 13 . 5 . 5 . 6 1 . . . 7 . . 2 . . . . . 1 1 . 2 Tunneler 4 | 1 . . . . 1 . . 1 . . . . . . . . . . . . . . . . . 1 Hauler 36 | . 2 . 5 . 6 . 5 1 6 . . . . 6 . . 1 . . . . . 1 . . 3 Recycler 25 | . . . 1 . 1 . 4 1 4 4 . . . 1 . . 2 3 . . . . 3 . . 1 Mechanic 12 | . . . . . . . 3 . 8 . . . . 1 . . . . . . . . . . . . Operator 14 | . . . 4 . . . . 1 . . . . . 1 . . . . . 3 . 1 1 . 3 . Watcher 14 | . . . 1 . 2 . 2 . 2 . . . . . . . . . 1 . 1 . 1 1 1 2 Swarmer 76 | . . 3 3 . 10 6 8 3 8 . . . . 9 4 . . 1 . . 5 . 4 4 . 8 Saboteur 1 | . . . . . . . . . . . . . . 1 . . . . . . . . . . . . Grunt 216 | . 2 . 36 3 27 15 24 7 43 . . . . 5 . . 5 9 . . 9 . 3 2 12 14 Brawler 12 | . . . 2 . . 1 4 . 3 1 . . . . . . . . . . . . . . . 1 Duelist 13 | . . . 2 . 1 1 4 . 5 . . . . . . . . . . . . . . . . . Protector 7 | . . . 2 . 1 . 1 . 3 . . . . . . . . . . . . . . . . . Sentry 50 | . . . 10 . 11 1 8 . 4 2 . . . 1 . . . 4 . 4 . . . 1 . 4 Demolisher 4 | . . 1 . . . . . . . 1 2 . . . . . . . . . . . . . . . Specialist 7 | . . . . . . . . . . . . . . 4 . . . . . . . . 3 . . . Hunter 26 | . . . . . 1 . 2 . . . . . . 7 . . . 2 . . . . 6 2 . 6 Programmer 48 | . . . . . . . . 1 14 . . . . 6 . . 4 . . . . . 3 . 6 14 Heavy 1 | . . . . . 1 . . . . . . . . . . . . . . . . . . . . . Cetus Guard 7 | . . . . . . . . . . . . . . . . . . . 7 . . . . . . . Protovariant X 1 | . . . . . . . . . . . . . . . . . . . . . . . 1 . . . Packrat 6 | . . . . . . . . . . . . . . . 3 3 . . . . . . . . . . Samaritan 1 | . . . . . . . . . . . . . . . 1 . . . . . . . . . . . Thug 2 | . . . . . . . . . . . . . . . . . . 1 1 . . . . . . . Best Kill Streak 17 | 1 2 3 15 3 7 6 10 5 17 4 . . . 12 3 . 6 4 4 3 8 1 6 4 5 6 Combat Bots Only 14 | . 2 3 10 3 5 6 8 3 14 1 . . . 8 4 . 4 4 3 1 8 . 4 4 5 5 Max Kills in Single Turn 5 | 1 1 2 4 2 4 3 4 3 5 2 1 . . 2 1 1 2 2 1 1 1 1 3 2 2 4 Gunslinging 1 | . . . 1 . . . 1 . 1 . . . . . . . . . . . . . . . . . Exploded 4 | . . 1 4 2 3 3 3 3 4 . . . . 2 . . 2 . . . . . 3 2 . 4 Melee 1 | . . . . . 1 1 . . . . . . . 1 1 . . 1 . . . . 1 . 1 1 Uniques/NPCs Destroyed . | . . . . . . . . . . . . . . . . . . . . . . . . . . . Combat | -11 -10 -10 -9 -9 -8 -8 -8 -7 -7 -7 -7 -5 -5 -5 -5 -5 -4 -4 -4 -4 -4 -3 -3 -2 -2 -1 -------- Run | Yrd Mat Min Mat Min Mat Gar Mat Fac Sto Rec Scr Fac Was Fac Upp Upp Fac Ext Cet Arc Hub Res Tes Res Qua Acc Hostile Shots Fired 2354 | . 10 36 101 16 179 68 124 38 290 36 . . . 250 22 . 58 142 44 34 162 24 192 89 98 341 Missed 855 | . 2 8 28 5 62 20 30 14 123 27 . . . 90 10 . 20 56 17 10 40 10 65 36 46 136 Hits 1499 | . 8 28 73 11 117 48 94 24 167 9 . . . 160 12 . 38 86 27 24 122 14 127 53 52 205 Melee 21 | . . . 5 . . 8 7 . 1 . . . . . . . . . . . . . . . . . Projectile 1478 | . 8 28 68 11 117 40 87 24 166 9 . . . 160 12 . 38 86 27 24 122 14 127 53 52 205 AOE 13 | . . 12 . . . . . . . . . . . . . . . . . . . . . . . 1 Critical Strikes 82 | . . 1 2 . 11 5 6 1 4 . . . . 4 1 . 1 4 9 . 7 . 8 2 6 10 Actively Blocked 18 | . . . . . . . . . . . . . . . . . . . . . . . . 2 6 10 Part Disruptions 4 | . . . . . . . . . . . . . . 1 . . . . . . 1 . 1 . . 1 Damage Taken 25767 | . 106 647 1110 166 1815 798 1401 295 1987 84 . . . 2437 119 . 763 2026 729 637 2983 282 2517 990 605 3270 Core 2058 | . 33 113 168 11 151 104 172 27 128 11 . . . 260 10 . 59 17 28 54 85 16 207 183 36 185 Absorbed by Shields 4718 | . . . . . 244 187 348 76 264 . . . . 45 . . . 39 . . . . 428 588 578 1921 Reduced by Siege Mode 110 | . . . . . . . . . . . . . . . . . . . 19 41 50 . . . . . Redirected to Shielding 179 | . . . . . . . . . . . . . . . . . . . . . . . . 29 . 150 Ignored by Resistances 163 | . . . . . . . . . . . . . . 39 59 . . 65 . . . . . . . . Regen/Repaired (Parts) 5465 | . . . 156 . 652 . 1020 287 251 61 420 . . 192 84 154 34 72 . . . . 486 . 276 1320 Core Remaining (%) 69 | 100 . 41 . 55 . . 22 . . . 76 . . . . 73 . . . . 78 . 82 . 84 88 Volleys Fired 1331 | 2 10 11 125 4 144 40 107 31 166 17 4 . 11 100 9 22 57 115 45 52 32 14 45 28 54 86 Largest 3 | 2 2 2 2 2 2 2 2 2 2 2 1 . 2 2 1 1 1 2 1 2 2 2 3 2 3 1 Hottest 154 | 90 90 95 130 112 140 53 66 65 130 60 . . 60 60 35 35 35 105 48 70 70 68 154 116 138 94 Shots Fired 2070 | 4 20 20 227 6 268 74 196 48 292 32 4 . 22 172 9 22 57 115 45 61 59 17 71 52 87 90 Gun 1175 | 4 20 20 194 4 249 66 154 38 80 . . . . . . . . . 33 61 55 17 10 30 71 69 Cannon 655 | . . . . . . . . 5 170 30 . . 22 157 9 22 57 89 12 . . . 46 19 16 1 Launcher 195 | . . . 33 2 19 8 42 5 35 . . . . 15 . . . . . . . . 15 3 . 18 Special 45 | . . . . . . . . . 7 2 4 . . . . . . 26 . . 4 . . . . 2 Kinetic 972 | . . . . . 141 66 154 38 80 . . . . . . . . 61 45 61 55 17 49 49 87 69 Thermal 816 | 4 . 6 194 4 108 . . 5 170 30 . . 22 157 9 22 57 28 . . . . . . . . Explosive 165 | . . . 33 2 19 8 42 5 35 . . . . 15 . . . . . . . . 1 . . 5 Electromagnetic 72 | . 20 14 . . . . . . . . . . . . . . . . . . . . 21 3 . 14 Robot Hit Streak 33 | 2 11 6 27 1 33 15 15 7 15 6 6 . 12 15 4 4 11 17 17 23 20 12 7 6 14 8 Robot Miss Streak 8 | 1 2 2 8 2 3 3 3 2 3 2 . . 1 4 1 . 2 3 3 7 2 1 4 8 2 4 Penetration Max 3 | . . . . . . . . . . . . . . . . . . 1 1 1 1 . . . 2 3 Secondary Targets 14 | . . 1 3 . 3 . 1 . 1 . . . . . . . . . . . 4 . . 1 . . Max Gunslinging Chain 1 | . . 1 1 . 1 . 1 . 1 . . . . . . . . . . . 1 . . 1 . . Shots Hit Robots 1557 | 2 16 16 178 2 206 46 134 32 202 49 9 . 16 111 10 4 44 95 33 48 43 16 55 24 63 103 Core Hits 1304 | 2 10 16 261 6 128 44 138 20 195 11 2 . 3 101 4 3 18 26 18 24 28 6 60 24 46 110 Critical Kills 66 | . . . . . 1 . . . . 1 . . . 1 2 . 2 14 8 2 2 . . 4 17 12 Critical Parts Destroyed 60 | . . . . . . . 1 . . . . . . 1 1 . . 12 6 2 . . . 3 17 17 Critical Strikes 158 | . . . 4 . 11 . 2 . . 1 . . . 2 3 . 2 26 14 7 2 . 4 8 36 36 Burn 14 | . . . 4 . 10 . . . . . . . . . . . . . . . . . . . . . Meltdown 5 | . . . . . . . . . . 1 . . . 1 1 . 2 . . . . . . . . . Destroy 119 | . . . . . 1 . 2 . . . . . . . . . . 22 14 7 2 . . 7 34 30 Blast 4 | . . . . . . . . . . . . . . . . . . . . . . . 2 1 1 . Smash 7 | . . . . . . . . . . . . . . 1 2 . . 4 . . . . . . . . Sever 7 | . . . . . . . . . . . . . . . . . . . . . . . . . 1 6 Impale 2 | . . . . . . . . . . . . . . . . . . . . . . . 2 . . . Melee Attacks 293 | . . . 4 . 1 35 3 7 3 29 5 . . 31 9 . 11 26 1 . 3 . 38 . 7 80 Impact 120 | . . . 4 . 1 35 1 4 3 . . . . 31 9 . 11 17 1 . 3 . . . . . Slashing 91 | . . . . . . . . . . . 4 . . . . . . . . . . . . . 7 80 Piercing 47 | . . . . . . . . . . . . . . . . . . 9 . . . . 38 . . . Sneak Attacks 62 | . . . . . . . 2 5 1 27 4 . . 1 . . 2 9 . . . . 4 . . 7 Combat Hostiles 4 | . . . . . . . . 2 . . . . . . . . . . . . . . . . . 2 Follow-up Attacks . | . . . . . . . . . . . . . . . . . . . . . . . . . . . Damage Inflicted 65292 | 23 292 365 5139 230 6016 1727 5991 1424 11297 551 248 . 490 7561 465 125 2216 2496 1016 1327 1125 411 3682 652 1314 9109 Guns 15980 | 23 283 205 2409 31 3735 751 1756 532 1046 . . . . . . . . . 748 1327 1084 397 191 109 657 696 Cannons 12343 | . . . . . . . . . 3425 517 . . 490 3069 157 125 1441 1411 268 . . . 839 294 307 . Explosions 27524 | . . 138 2552 181 2226 924 4202 597 6629 . . . . 3683 . . 386 . . . . . 1704 206 . 4096 Melee 8775 | . . . . . . 46 . 241 78 . 248 . . 795 308 . 389 1068 . . . . 935 . 350 4317 Ramming 670 | . 9 22 178 18 55 6 33 54 119 34 . . . 14 . . . 17 . . 41 14 13 43 . . Kinetic 13485 | . . . . . 1836 751 1756 532 1046 . . . . . . . . 767 1016 1327 1084 397 910 403 964 696 Thermal 15422 | 23 . 196 2409 31 1899 . 182 . 3425 517 . . 490 3069 157 125 1827 644 . . . . 55 . . 373 Explosive 23871 | . . . 2552 181 2226 924 4020 597 6629 . . . . 3645 . . . . . . . . 590 . . 2507 Electromagnetic 3069 | . 283 147 . . . . . . . . . . . 38 . . . . . . . . 1179 206 . 1216 Impact 2910 | . . . . . . 46 . 241 78 . . . . 795 308 . 389 1053 . . . . . . . . Slashing 4915 | . . . . . . . . . . . 248 . . . . . . . . . . . . . 350 4317 Piercing 950 | . . . . . . . . . . . . . . . . . . 15 . . . . 935 . . . Highest Corruption 43 | . . 2 . . . 3 3 1 2 4 5 . 15 15 5 5 4 4 4 4 16 . 43 1 4 19 Average Corruption 4 | . . 2 . . . 3 3 1 1 2 5 . 7 9 5 5 3 4 4 3 11 . 10 1 2 13 Corruption Purged 20 | . . . . . . . . 1 2 . . . . 12 . . . . . 4 . . . . 1 . Corruption Blocked . | . . . . . . . . . . . . . . . . . . . . . . . . . . . Effects 361 | . . 1 . . . 5 78 . 32 18 1 . 5 40 5 14 6 44 10 4 1 . 16 3 8 70 Message Errors 93 | . . 1 . . . 2 19 . 11 6 1 . 4 5 1 6 2 8 2 2 . . 7 1 3 12 Matter Fused 86 | . . . . . . 2 14 . 8 5 . . 1 9 1 1 2 13 3 1 . . 6 . 2 18 Heat Flow Errors 38 | . . . . . . . 10 . 2 2 . . . 3 3 1 1 5 2 1 . . . 1 . 7 Energy Discharges 49 | . . . . . . 1 11 . 5 2 . . . 6 . 1 . 4 2 . . . 1 . . 16 Parts Rejected 3 | . . . . . . . 2 . . . . . . . . . . 1 . . . . . . . . Parts Fused 3 | . . . . . . . . . . . . . . 1 . . 1 1 . . . . . . . . Data Loss (minor) 35 | . . . . . . . 8 . 5 1 . . . 5 . 4 . 6 . . . . . 1 . 5 Data Loss (major) 16 | . . . . . . . 8 . . . . . . 1 . 1 . 2 1 . . . . . 1 2 Misfires 14 | . . . . . . . 2 . . 2 . . . 3 . . . . . . 1 . 1 . 1 4 Alerts 12 | . . . . . . . 2 . 1 . . . . 3 . . . 3 . . . . . . 1 2 Misdirections 6 | . . . . . . . . . . . . . . 2 . . . . . . . . . . . 4 Weapon Failures 6 | . . . . . . . 2 . . . . . . 2 . . . 1 . . . . 1 . . . Overload Shots 1 | . . . . . . . . . . . . . . . . . . 1 . . . . . . . . Overflow Damage 2993 | . . . 31 . 66 21 129 115 168 . 73 . . 515 181 16 183 230 . . . . 326 7 33 899 Projectiles 335 | . . . . . . . . . 72 . . . . 70 12 16 83 9 . . . . 73 . . . Explosions 1009 | . . . 31 . 66 21 129 54 44 . . . . 110 . . . . . . . . 165 . . 389 Melee 1649 | . . . . . . . . 61 52 . 73 . . 335 169 . 100 221 . . . . 88 7 33 510 Knockbacks 31 | . . 1 3 . . . . . 2 . . . . 6 . . 1 6 . . 1 1 7 . 3 . Impact 18 | . . 1 3 . . . . . 2 . . . . 6 . . . 4 . . 1 1 . . . . Kinetic 12 | . . . . . . . . . . . . . . . . . . 2 . . . . 7 . 3 . Secondary 1 | . . . . . . . . . . . . . . . . . 1 . . . . . . . . . Self-Inflicted Damage 757 | . . . 54 30 80 145 88 2 124 . . . . 18 . . . . . . . . 153 63 . . Shots 34 | . . . 3 1 2 5 3 1 4 . . . . 1 . . . . . . . . 8 6 . . Rammed 83 | . 4 16 18 2 9 1 6 3 11 3 . . . 1 . . . . . . 7 2 . . . . Targets Rammed 105 | . 4 16 21 2 11 2 6 5 15 5 . . . 1 . . . 2 . . 8 2 3 2 . . Kicked 7 | . . . . . . . . . . . . . . . . . . 2 . . . . 3 2 . . Crushed 15 | . . . 3 . 2 1 . 2 4 2 . . . . . . . . . . 1 . . . . . Highest Temperature 429 | 60 192 134 287 25 423 49 283 . 142 247 . . . 239 111 187 181 429 184 106 30 . 228 241 . 179 Average Temperature 72 | 31 66 62 70 13 73 14 67 . 56 63 . . . 48 53 80 38 108 81 53 14 . 53 154 . 82 Received Heat Transfer 4775 | . 60 54 420 72 694 253 399 81 676 24 . . . 417 . . 45 701 . 72 305 . 258 18 72 154 Effects 5 | . . . . . 1 . . . . . . . . . . . . 4 . . . . . . . . Shutdowns 1 | . . . . . . . . . . . . . . . . . . 1 . . . . . . . . Interference 4 | . . . . . 1 . . . . . . . . . . . . 3 . . . . . . . . Siege Activations 3 | . . . . . . . . . . . . . . . . . . . 1 1 1 . . . . . Total Turns 105 | . . . . . . . . . . . . . . . . . . . 52 31 22 . . . . . Longest Duration 52 | . . . . . . . . . . . . . . . . . . . 52 31 22 . . . . . Martial Activations . | . . . . . . . . . . . . . . . . . . . . . . . . . . . Shielding Activations . | . . . . . . . . . . . . . . . . . . . . . . . . . . . Robots Disrupted 1 | . . . . . . . . . . . . . . . . . . . . . . . 1 . . . Combat Hostiles 1 | . . . . . . . . . . . . . . . . . . . . . . . 1 . . . Robots Corrupted 27 | . . . . . . . . 2 1 . . . . 5 2 . 2 3 . . . . 6 1 . 5 Combat Hostiles 22 | . . . . . . . . 2 . . . . . 4 2 . . 3 . . . . 6 . . 5 Parts Fried 37 | . 1 . . . . . 1 3 3 . . . . 1 2 . 5 4 . . . . 8 2 . 7 Impact Corruptions 34 | . . . . . . . . 4 3 . . . . 13 5 . 3 5 . . . . . 1 . . Robots Melted 7 | . . . . . . . . . 1 1 . . . 1 1 . 2 1 . . . . . . . . Combat Hostiles 4 | . . . . . . . . . 1 1 . . . . . . 1 1 . . . . . . . . Parts Melted 41 | . . . 4 . 8 . . . 8 . . . . 4 . . 10 6 . . . . . . 1 . Heat Transferred 21770 | 50 . 361 3640 74 3774 . 100 . 4236 703 . . 666 3936 250 200 2350 980 . . . . 50 . . 400 Parts Sabotaged . | . . . . . . . . . . . . . . . . . . . . . . . . . . . Parts Stolen . | . . . . . . . . . . . . . . . . . . . . . . . . . . . Parts Stripped . | . . . . . . . . . . . . . . . . . . . . . . . . . . . Power Chain Reactions 7 | . . 2 . . . . . . . . . . . . . . . . . . . . 1 . . 4 Alert | -11 -10 -10 -9 -9 -8 -8 -8 -7 -7 -7 -7 -5 -5 -5 -5 -5 -4 -4 -4 -4 -4 -3 -3 -2 -2 -1 ------- Run | Yrd Mat Min Mat Min Mat Gar Mat Fac Sto Rec Scr Fac Was Fac Upp Upp Fac Ext Cet Arc Hub Res Tes Res Qua Acc Maximum Alert Level 5 | . . . 3 2 3 4 4 3 5 4 . . . 3 . . 1 2 2 . 1 . 1 1 1 4 Low Security (%) 22 | 100 100 100 29 11 23 . . 1 5 . . 100 100 47 . . 93 9 . 100 42 100 49 22 59 24 Level 1 14 | . . . 11 65 24 . . 60 2 . . . . 14 . . 6 11 89 . 57 . 50 77 40 39 Level 2 29 | . . . 49 23 33 8 13 35 48 . . . . 4 . . . 79 10 . . . . . . 23 Level 3 23 | . . . 9 . 18 52 53 1 29 98 . . . 34 . . . . . . . . . . . 12 Level 4 8 | . . . . . . 39 33 . 10 1 . . . . . . . . . . . . . . . . Level 5 . | . . . . . . . . . . . . . . . . . . . . . . . . . . . High Security . | . . . . . . . . . 3 . . . . . . . . . . . . . . . . . Max Security . | . . . . . . . . . . . . . . . . . . . . . . . . . . . Sterilizations 4 | . . . 1 . 1 . 1 . 1 . . . . . . . . . . . . . . . . . Peak Influence 1812 | 5 64 73 1095 512 986 1406 1562 708 1812 1100 . . 2 876 . . 366 664 425 174 399 129 388 396 294 1101 Initial 1100 | . . . . 423 61 632 685 708 89 1100 . . . . . . 104 175 365 134 31 129 . 192 211 137 Average 556 | . 8 7 426 315 428 1016 1002 360 724 973 . . . 358 . . 97 431 371 142 198 28 214 309 138 403 Influence Increases 17509 | 5 120 123 1823 174 1668 784 1799 350 2563 314 8 . 6 1425 95 . 524 1335 260 177 530 103 781 374 562 1606 Destroy 0b10 Robot/C 9860 | . 40 80 1060 120 1040 480 1000 220 1580 160 . . . 720 80 . 180 700 160 80 280 . 400 180 360 940 Destroy 0b10 Robot/NC 1015 | 5 10 . 155 . 125 . 130 25 165 35 5 . . 115 . . 30 25 10 15 5 10 40 10 20 80 Destroy Leader 1832 | . 14 10 272 10 278 20 234 42 356 . . . . 142 . . 32 62 . . 32 . 64 32 52 180 Allied During Kill 643 | . . . . 15 22 . . . 9 53 3 . . 29 . . . 423 76 4 5 . . . . 4 Trap Triggered on 0b10 60 | . . . 10 . 20 . 30 . . . . . . . . . . . . . . . . . . . Successful Hack 486 | . 26 . 57 . 23 16 17 . 39 35 . . . 38 . . . 21 . . 18 78 28 50 4 36 Select Force Hacks 80 | . 30 . . . . . . . . . . . . . . . . . . . 50 . . . . . Disable Machine 930 | . . . 45 15 30 . 165 30 135 . . . . 75 . . 60 15 . 60 60 . 105 . 75 60 Anti-Garrison Action 350 | . . . . . . 200 . . . . . . . . . . 150 . . . . . . . . . Destroy Structure 1668 | . . 3 119 14 130 68 223 33 264 31 . . 6 276 . . 72 74 14 18 20 . 84 42 21 156 Partial Spotted 60 | . . . 30 . . . . . . . . . . . . . . . . . . 15 15 . . . Lose Combat Pursuer 525 | . . 30 75 . . . . . 15 . . . . 30 15 . . 15 . . 60 . 45 60 30 150 Influence Decreases 16802 | 5 120 123 736 1102 854 351 1647 1711 948 1640 888 . 6 589 450 315 332 1039 579 421 375 349 438 341 708 735 Entered New Map 6492 | . . . . 664 98 341 721 850 108 1106 880 . . . 310 93 62 183 289 201 60 117 . 151 165 93 Time Decay 8358 | 5 120 114 706 428 676 . 766 416 770 514 8 . 4 413 120 222 230 556 180 180 155 232 378 190 383 592 Lost Part 659 | . . 9 30 10 60 10 . . 50 . . . . 120 20 . 40 100 10 . 100 . 60 . 10 30 Lost Ally 568 | . . . . . 20 . 10 20 20 20 . . 2 56 . . . 200 100 40 60 . . . . 20 Purge Threat 725 | . . . . . . . 150 425 . . . . . . . . . . . . . . . . 150 . Squads Dispatched 125 | . 2 . 11 . 12 . 8 4 37 . . . . 10 . . 3 3 . . 8 6 4 1 5 11 Investigation 27 | . 1 . 6 . 2 . 1 . 3 . . . . 1 . . . 2 . . 3 4 1 . . 3 Extermination 27 | . . . . . . . . 1 14 . . . . 2 . . 1 . . . . . 1 1 3 4 Reinforcement 36 | . 1 . 3 . 4 . 2 3 7 . . . . 6 . . . . . . 3 2 2 . 2 1 Assault 27 | . . . 2 . 1 . 5 . 13 . . . . 1 . . 2 1 . . 2 . . . . . Garrison 8 | . . . . . 5 . . . . . . . . . . . . . . . . . . . . 3 Intercept . | . . . . . . . . . . . . . . . . . . . . . . . . . . . Searches Triggered . | . . . . . . . . . . . . . . . . . . . . . . . . . . . Construction Impeded 10 | . . . . . . . 1 1 5 . . . . 2 . . . . . . . . 1 . . . Haulers Reinforced 7 | . . . . . . . . . 2 . . . . 3 . . . . . . . 1 . . . 1 Active Scanning Responses . | . . . . . . . . . . . . . . . . . . . . . . . . . . . Cargo Convoy Interrupts 1 | . . . . . . . . . . . . . . 1 . . . . . . . . . . . . Stealth | -11 -10 -10 -9 -9 -8 -8 -8 -7 -7 -7 -7 -5 -5 -5 -5 -5 -4 -4 -4 -4 -4 -3 -3 -2 -2 -1 --------- Run | Yrd Mat Min Mat Min Mat Gar Mat Fac Sto Rec Scr Fac Was Fac Upp Upp Fac Ext Cet Arc Hub Res Tes Res Qua Acc Distress Signals 46 | . 1 . 9 . 5 . 6 1 1 1 . . . 5 . . . 1 2 . 2 4 1 . . 7 Communications Jammed 106 | . . . . . 45 . . . . . . . . 2 . . 1 9 . . . . . 1 14 34 Distress Signals 98 | . . . . . 40 . . . . . . . . 2 . . 1 9 . . . . . 1 14 31 Times Spotted 759 | . 9 8 87 6 72 21 97 13 133 7 . . 4 53 6 . 9 41 10 15 33 7 30 11 24 63 Peak Tracking Total 12 | . 3 2 7 3 7 5 6 3 12 3 . . 2 12 4 . 4 4 5 2 10 2 6 4 4 8 Tactical Retreats 25 | . . 1 3 . . . . . 1 . . . . 2 1 . . 1 . . 2 . 3 2 2 7 Traps | -11 -10 -10 -9 -9 -8 -8 -8 -7 -7 -7 -7 -5 -5 -5 -5 -5 -4 -4 -4 -4 -4 -3 -3 -2 -2 -1 ------- Run | Yrd Mat Min Mat Min Mat Gar Mat Fac Sto Rec Scr Fac Was Fac Upp Upp Fac Ext Cet Arc Hub Res Tes Res Qua Acc Traps Triggered 29 | . . . 3 . 1 5 2 . 2 . . 1 . 4 . . . 1 . . . 2 . . . 8 Indirectly 5 | . . . . . . . . . . . . . . . . . . . . . . . . . . 5 Trap Hack Attempts 67 | . . . 35 . . . 25 . 7 . . . . . . . . . . . . . . . . . Triggered . | . . . . . . . . . . . . . . . . . . . . . . . . . . . Disarmed 1 | . . . 1 . . . . . . . . . . . . . . . . . . . . . . . Reprogrammed 7 | . . . 3 . . . 3 . 1 . . . . . . . . . . . . . . . . . Reused 6 | . . . 1 . 2 . 3 . . . . . . . . . . . . . . . . . . . Traps Extracted 5 | . . . 5 . . . . . . . . . . . . . . . . . . . . . . . Installed 5 | . . . 3 . 2 . . . . . . . . . . . . . . . . . . . . . Triggered 6 | . . . 1 . 2 . 3 . . . . . . . . . . . . . . . . . . . Most Traps Carried 3 | . . . 3 2 2 . . . . . . . . . . . . . . . . . . . . . Machines | -11 -10 -10 -9 -9 -8 -8 -8 -7 -7 -7 -7 -5 -5 -5 -5 -5 -4 -4 -4 -4 -4 -3 -3 -2 -2 -1 ---------- Run | Yrd Mat Min Mat Min Mat Gar Mat Fac Sto Rec Scr Fac Was Fac Upp Upp Fac Ext Cet Arc Hub Res Tes Res Qua Acc Machines Disabled 66 | . . . 3 1 2 1 11 2 9 . . . . 5 . . 5 2 . 4 4 . 8 . 5 4 Max in Single Turn 3 | . . . 1 1 2 1 2 1 1 . . . . 1 . . 3 1 . 2 2 . 1 . 1 1 Garrison Access 10 | . . . . . . . 1 2 . . . . . 1 . . 1 . . . 1 . 1 . . 3 Garrison Relay 1 | . . . . . . 1 . . . . . . . . . . . . . . . . . . . . Network Hub 1 | . . . . . . . . . . . . . . . . . . . . . 1 . . . . . Machines Repaired . | . . . . . . . . . . . . . . . . . . . . . . . . . . . Machines Dismantled . | . . . . . . . . . . . . . . . . . . . . . . . . . . . Machines Sabotaged 1 | . . . . . . . . . . . . . . . . . . . . . 1 . . . . . Overloaded Fab Kills . | . . . . . . . . . . . . . . . . . . . . . . . . . . . Hacking | -11 -10 -10 -9 -9 -8 -8 -8 -7 -7 -7 -7 -5 -5 -5 -5 -5 -4 -4 -4 -4 -4 -3 -3 -2 -2 -1 --------- Run | Yrd Mat Min Mat Min Mat Gar Mat Fac Sto Rec Scr Fac Was Fac Upp Upp Fac Ext Cet Arc Hub Res Tes Res Qua Acc Machines Accessed 126 | . 5 1 13 . 12 3 13 7 14 6 . . . 9 . 2 2 10 1 . 3 4 5 3 4 9 Terminals 80 | . 4 1 8 . 8 3 7 4 11 6 . . . 3 . . 1 10 1 . 2 2 1 2 2 4 Fabricators 5 | . . . . . . . . . . . . . . 2 . . . . . . . 1 . . . 2 Repair Stations 15 | . . . 2 . 2 . 2 1 2 . . . . 1 . . 1 . . . . 1 2 . 1 . Recycling Units 7 | . 1 . 2 . . . 1 . 1 . . . . 2 . . . . . . . . . . . . Scanalyzers 7 | . . . 1 . 1 . 2 . . . . . . . . . . . . . . . 1 1 1 . Garrison Access 10 | . . . . . 1 . 1 2 . . . . . 1 . . . . . . 1 . 1 . . 3 Total Hacks 316 | . 12 3 45 . 29 6 31 17 39 21 . . . 20 . 2 3 14 1 . 8 11 10 9 12 23 Successful 144 | . 4 1 24 . 18 2 15 8 12 6 . . . 6 . 2 1 8 . . 4 3 7 5 8 10 Failed 169 | . 7 2 20 . 10 4 16 9 27 15 . . . 14 . . 2 6 1 . 4 8 3 4 4 13 Catastrophic 38 | . 1 . 3 . 1 1 4 1 5 2 . . . 4 . . 1 2 1 . 3 2 1 . 2 4 Database Lockouts 3 | . 1 . 1 . 1 . . . . . . . . . . . . . . . . . . . . . Manual 118 | . 8 3 23 . 14 1 8 3 21 12 . . . 7 . . . 1 . . 7 2 3 . 2 3 Terminals 206 | . 9 3 30 . 18 6 14 11 33 21 . . . 7 . . 1 14 1 . 6 8 1 6 4 13 Fabricators 10 | . . . . . . . . . . . . . . 5 . . . . . . . 1 . . . 4 Repair Stations 45 | . . . 7 . 5 . 11 2 5 . . . . 3 . . 2 . . . . 2 3 . 5 . Recycling Units 11 | . 3 . 3 . . . 1 . 1 . . . . 3 . . . . . . . . . . . . Scanalyzers 21 | . . . 5 . 3 . 3 . . . . . . . . . . . . . . . 4 3 3 . Garrison Access 21 | . . . . . 3 . 2 4 . . . . . 2 . . . . . . 2 . 2 . . 6 Terminal Hacks 60 | . 3 1 12 . 7 2 3 2 6 5 . . . 2 . 2 1 7 . . . 2 . 2 1 2 Robot Schematic 1 | . . . . . . . . . . 1 . . . . . . . . . . . . . . . . Robot Analysis 7 | . 2 1 1 . 1 . . . . 2 . . . . . . . . . . . . . . . . Prototype ID Bank 8 | . 1 . 4 . 1 . . . . 2 . . . . . . . . . . . . . . . . Open Door 16 | . . . . . . . . . 6 . . . . . . 2 1 6 . . . . . 1 . . Level Access Points 1 | . . . . . . . . . . . . . . . . . . . . . . . . . . 1 Branch Access Points 6 | . . . 1 . 1 . . 1 . . . . . 1 . . . . . . . 1 . 1 . . Emergency Access Points 1 | . . . . . . 1 . . . . . . . . . . . . . . . . . . . . Scanalyzer Index 1 | . . . 1 . . . . . . . . . . . . . . . . . . . . . . . Alert Level 2 | . . . 1 . 1 . . . . . . . . . . . . . . . . . . . . . Unreport Threat 3 | . . . . . . . 1 1 . . . . . . . . . . . . . . . . 1 . Locate Traps 2 | . . . 1 . . . . . . . . . . . . . . . . . . 1 . . . . Dispatch Records 1 | . . . . . 1 . . . . . . . . . . . . . . . . . . . . . Recall Extermination 1 | . . . . . . . . . . . . . . 1 . . . . . . . . . . . . Registered Components 1 | . . . 1 . . . . . . . . . . . . . . . . . . . . . . . Zone Layout 8 | . . . 2 . 2 . 2 . . . . . . . . . . 1 . . . . . . . 1 Security Stations 1 | . . . . . . 1 . . . . . . . . . . . . . . . . . . . . Fabricator Hacks 3 | . . . . . . . . . . . . . . 1 . . . . . . . 1 . . . 1 Network Status 1 | . . . . . . . . . . . . . . . . . . . . . . . . . . 1 Build 2 | . . . . . . . . . . . . . . 1 . . . . . . . 1 . . . . Repair Station Hacks 24 | . . . 5 . 5 . 7 2 1 . . . . . . . . . . . . . . . 4 . Scan Component 14 | . . . 3 . 3 . 4 1 1 . . . . . . . . . . . . . . . 2 . Repair 10 | . . . 2 . 2 . 3 1 . . . . . . . . . . . . . . . . 2 . Recycling Unit Hacks . | . . . . . . . . . . . . . . . . . . . . . . . . . . . Scanalyzer 15 | . . . 1 . 2 . 3 . . . . . . . . . . . . . . . 3 3 3 . Insert Component 1 | . . . . . 1 . . . . . . . . . . . . . . . . . . . . . Analyze 1 | . . . . . 1 . . . . . . . . . . . . . . . . . . . . . Retrieve Study 13 | . . . 1 . . . 3 . . . . . . . . . . . . . . . 3 3 3 . Garrison Access Hacks 18 | . . . . . 1 . 2 4 . . . . . 2 . . . . . . 1 . 2 . . 6 Unlock Access 2 | . . . . . 1 . . . . . . . . . . . . . . . 1 . . . . . Seal Access 8 | . . . . . . . 1 2 . . . . . 1 . . . . . . . . 1 . . 3 Coupler Status 8 | . . . . . . . 1 2 . . . . . 1 . . . . . . . . 1 . . 3 Unauthorized Hacks 24 | . 1 . 6 . 3 . . . 5 1 . . . 1 . . . 1 . . 3 . 2 . . 1 Terminals 16 | . . . 4 . 2 . . . 5 1 . . . . . . . 1 . . 2 . 1 . . . Track 2 | . . . . . . . . . 2 . . . . . . . . . . . . . . . . . Assimilate 1 | . . . . . . . . . . . . . . . . . . . . . 1 . . . . . Botnet 6 | . . . 1 . 1 . . . 1 1 . . . . . . . 1 . . . . 1 . . . Disrupt 6 | . . . 3 . 1 . . . 2 . . . . . . . . . . . . . . . . . Sabotage 1 | . . . . . . . . . . . . . . . . . . . . . 1 . . . . . Fabricators 2 | . . . . . . . . . . . . . . 1 . . . . . . . . . . . 1 Liberate 1 | . . . . . . . . . . . . . . . . . . . . . . . . . . 1 Haulers 1 | . . . . . . . . . . . . . . 1 . . . . . . . . . . . . Repair Stations 1 | . . . . . . . . . . . . . . . . . . . . . . . 1 . . . Patch 1 | . . . . . . . . . . . . . . . . . . . . . . . 1 . . . Recycling Units 3 | . 1 . 2 . . . . . . . . . . . . . . . . . . . . . . . Reject 2 | . . . 2 . . . . . . . . . . . . . . . . . . . . . . . Tunnel 1 | . 1 . . . . . . . . . . . . . . . . . . . . . . . . . Scanalyzers . | . . . . . . . . . . . . . . . . . . . . . . . . . . . Garrison Access 2 | . . . . . 1 . . . . . . . . . . . . . . . 1 . . . . . Reprogram 1 | . . . . . . . . . . . . . . . . . . . . . 1 . . . . . Intercept 1 | . . . . . 1 . . . . . . . . . . . . . . . . . . . . . Data Cores Recovered 4 | . . . 1 . . . . . . . . . . . . . . . . . . . 1 . 2 . Used 1 | . . . 1 . . . . . . . . . . . . . . . . . . . . . . . Hacking Detections 95 | . 4 1 11 . 8 2 12 6 12 6 . . . 8 . . 1 3 1 . 2 4 3 1 3 7 Full Trace Events 26 | . . . 7 . 1 1 2 . 3 5 . . . 1 . . . 1 . . 1 1 . . . 3 Feedback Events 1 | . . . . . . . . . . . . . . . . . . . . . 1 . . . . . Hackware Fried 1 | . . . . . . . . . . . . . . . . . . . . . 1 . . . . . Feedback Blocked . | . . . . . . . . . . . . . . . . . . . . . . . . . . . Robot Schematics Acquired 1 | . . . . . . . . . . 1 . . . . . . . . . . . . . . . . Robots Built . | . . . . . . . . . . . . . . . . . . . . . . . . . . . Authchips . | . . . . . . . . . . . . . . . . . . . . . . . . . . . Time . | . . . . . . . . . . . . . . . . . . . . . . . . . . . Total Robot Build Rating . | . . . . . . . . . . . . . . . . . . . . . . . . . . . Part Schematics Acquired 1 | . . . . . 1 . . . . . . . . . . . . . . . . . . . . . Parts Built 4 | . . . . . . . . . . . . . . 2 . . . . . . . 2 . . . . Authchips . | . . . . . . . . . . . . . . . . . . . . . . . . . . . Time 104 | . . . . . . . . . . . . . . 58 . . . . . . . 46 . . . . Total Part Build Rating 32 | . . . . . . . . . . . . . . 14 . . . . . . . 18 . . . . Part Studies Acquired 13 | . . . 1 . . . 3 . . . . . . . . . . . . . . . 3 3 3 . Parts Repaired 10 | . . . 2 . 2 . 3 1 . . . . . . . . . . . . . . . . 2 . Time 411 | . . . 29 . 70 . 120 44 . . . . . . . . . . . . . . . . 148 . Parts Recycled . | . . . . . . . . . . . . . . . . . . . . . . . . . . . Recycled Matter . | . . . . . . . . . . . . . . . . . . . . . . . . . . . Retrieved Matter . | . . . . . . . . . . . . . . . . . . . . . . . . . . . Retrieved Components . | . . . . . . . . . . . . . . . . . . . . . . . . . . . Parts Scanalyzed 1 | . . . . . 1 . . . . . . . . . . . . . . . . . . . . . Part Schematics Acquired 1 | . . . . . 1 . . . . . . . . . . . . . . . . . . . . . Parts Damaged . | . . . . . . . . . . . . . . . . . . . . . . . . . . . Bothacking | -11 -10 -10 -9 -9 -8 -8 -8 -7 -7 -7 -7 -5 -5 -5 -5 -5 -4 -4 -4 -4 -4 -3 -3 -2 -2 -1 ------------ Run | Yrd Mat Min Mat Min Mat Gar Mat Fac Sto Rec Scr Fac Was Fac Upp Upp Fac Ext Cet Arc Hub Res Tes Res Qua Acc Used RIF Installer 1 | . . . . . . 1 . . . . . . . . . . . . . . . . . . . . Robots Hacked 16 | . . . . . . . 2 1 3 5 1 . . . . . . . . . 3 . . . . 1 Non-combat 6 | . . . . . . . 2 1 . 3 . . . . . . . . . . . . . . . . Combat 10 | . . . . . . . . . 3 2 1 . . . . . . . . . 3 . . . . 1 Robot Hacks Applied 19 | . . . . . . . 2 3 4 5 1 . . . . . . . . . 3 . . . . 1 parse_system 3 | . . . . . . . . . 2 . 1 . . . . . . . . . . . . . . . no_distress 2 | . . . . . . . . . . 2 . . . . . . . . . . . . . . . . ignore_repairs 1 | . . . . . . . . . . 1 . . . . . . . . . . . . . . . . purge_threat 2 | . . . . . . . . 2 . . . . . . . . . . . . . . . . . . scatter_targeting 2 | . . . . . . . . . . 1 . . . . . . . . . . 1 . . . . . reboot_system 1 | . . . . . . . . . . . . . . . . . . . . . 1 . . . . . formatsys_low 3 | . . . . . . . 2 1 . . . . . . . . . . . . . . . . . . formatsys_high 5 | . . . . . . . . . 2 1 . . . . . . . . . . 1 . . . . 1 Relay Couplers Released 15 | . . . . . . 5 2 2 . . . . . 2 . . 1 . . . 1 . 1 . . 1 Machine Destruction 15 | . . . . . . 5 2 2 . . . . . 2 . . 1 . . . 1 . 1 . . 1 Attached 8 | . . . . . . . 1 1 2 1 . . 1 . . . . . . . 1 . . . . 1 Fabnet Peak Effective % . | . . . . . . . . . . . . . . . . . . . . . . . . . . . Robots Rewired 28 | . . . . . . . . . . 14 . . . . . . . 14 . . . . . . . . Allies Hacked 1 | . . . . . . . . 1 . . . . . . . . . . . . . . . . . . Hacks Repelled . | . . . . . . . . . . . . . . . . . . . . . . . . . . . Allies | -11 -10 -10 -9 -9 -8 -8 -8 -7 -7 -7 -7 -5 -5 -5 -5 -5 -4 -4 -4 -4 -4 -3 -3 -2 -2 -1 -------- Run | Yrd Mat Min Mat Min Mat Gar Mat Fac Sto Rec Scr Fac Was Fac Upp Upp Fac Ext Cet Arc Hub Res Tes Res Qua Acc Total Allies 51 | . . . . 4 . . 2 1 2 15 . . 1 . . . . 22 . . 3 . . . . 1 Largest Group 14 | . . . . 4 3 . 1 2 1 14 13 11 5 5 . . . 11 8 2 2 . . . . 1 Highest-Rated Group 557 | . . . . 71 40 . 23 49 30 358 324 256 141 120 . . . 557 323 58 84 . . . . 64 Highest-Rated Ally 159 | . . . . 31 16 . 23 26 30 34 34 32 32 32 . . . 159 51 33 47 . . . . 64 Total Orders 25 | . . . . . . . 5 1 3 7 . 1 . 1 . . . . 2 . . . . . . 5 STAY 12 | . . . . . . . 2 . 3 4 . 1 . 1 . . . . 1 . . . . . . . FOLLOW 4 | . . . . . . . . . . 3 . . . . . . . . 1 . . . . . . . AID 4 | . . . . . . . 3 1 . . . . . . . . . . . . . . . . . . EXPLORE 4 | . . . . . . . . . . . . . . . . . . . . . . . . . . 4 RETURN 1 | . . . . . . . . . . . . . . . . . . . . . . . . . . 1 Ally Attacks 333 | . . . . 9 29 . . . 13 16 . . 80 22 . . . 138 14 . 11 . . . . 1 Total Damage 9312 | . . . . 57 333 . . . 218 566 . . 2110 854 . . . 4480 320 . 316 . . . . 58 Kills 46 | . . . . 3 3 . . . 2 5 . . 4 5 . . . 21 2 . . . . . . 1 Allies Corrupted . | . . . . . . . . . . . . . . . . . . . . . . . . . . . Allies Melted 2 | . . . . . . . . . . . . . . . . . . 1 . . 1 . . . . . Intel | -11 -10 -10 -9 -9 -8 -8 -8 -7 -7 -7 -7 -5 -5 -5 -5 -5 -4 -4 -4 -4 -4 -3 -3 -2 -2 -1 ------- Run | Yrd Mat Min Mat Min Mat Gar Mat Fac Sto Rec Scr Fac Was Fac Upp Upp Fac Ext Cet Arc Hub Res Tes Res Qua Acc Active Infowar (turns) 13393 | . . . . . 1399 . 764 968 344 . 90 . 113 717 210 462 496 1622 375 376 329 898 950 388 1025 1867 Optics 5784 | . . . . . . . . . . . . . . . . . 483 1622 375 376 329 898 950 388 363 . Sensors 3219 | . . . . . . . . . . . . . . 285 210 462 337 22 . 68 64 . 90 81 497 1103 IFF 38 | . . . . . . . . . . . . . . 38 . . . . . . . . . . . . Terrain 1 | . . . . . . . . . . . . . . 1 . . . . . . . . . . . . Seismic 3748 | . . . . . 1341 . 764 968 344 . . . 113 218 . . . . . . . . . . . . Cloaking 488 | . . . . . . . . . . . 90 . 105 99 . . . 194 . . . . . . . . Jamming 4476 | . . . . . 58 . . . . . . . . 213 . 1 94 611 . . . . 221 386 1025 1867 Robot Analysis Total 7 | . 2 1 1 . 1 . . . . 2 . . . . . . . . . . . . . . . . Derelict Logs Recovered 5 | . . 2 . 1 . . . . . . . . . . . 2 . . . . . . . . . . Drone Launches 4 | . . . . . . . . . . . . . . . . . . . . . . . . . . 4 Drone Recoveries 2 | . . . . . . . . . . . . . . . . . . . . . . . . . . 2 Exploration | -11 -10 -10 -9 -9 -8 -8 -8 -7 -7 -7 -7 -5 -5 -5 -5 -5 -4 -4 -4 -4 -4 -3 -3 -2 -2 -1 ------------- Run | Yrd Mat Min Mat Min Mat Gar Mat Fac Sto Rec Scr Fac Was Fac Upp Upp Fac Ext Cet Arc Hub Res Tes Res Qua Acc Turns Passed 42926 | 99 734 1118 4279 1040 3788 1737 4306 1004 11573 1418 1395 30 125 1238 254 462 496 1622 375 376 329 898 950 388 1025 1867 Spaces Moved 16285 | 50 409 483 1569 549 1361 632 1362 345 1339 599 638 15 98 1111 365 736 264 826 170 85 116 490 560 261 618 1234 Core 3 | 3 . . . . . . . . . . . . . . . . . . . . . . . . . . Treads 9926 | 47 409 483 1450 549 1361 632 1362 345 1339 599 625 15 . . . . . . . 72 116 490 32 . . . Legs 3555 | . . . . . . . . . . . . . . . . . . 731 170 13 . . 528 261 618 1234 Wheels 333 | . . . 119 . . . . . . . . . . . . . 119 95 . . . . . . . . Hover 2468 | . . . . . . . . . . . 13 . 98 1111 365 736 145 . . . . . . . . . Flight . | . . . . . . . . . . . . . . . . . . . . . . . . . . . Fastest Speed 50 | 50 160 160 100 160 160 216 163 200 200 200 200 205 59 51 55 55 55 115 125 160 160 160 107 106 100 102 Average Speed 151 | 153 160 160 156 160 207 216 204 222 208 200 205 205 59 58 55 55 83 120 145 166 160 160 113 106 104 105 Slowest Speed 377 | 160 160 160 240 160 229 216 240 240 240 200 377 205 59 141 55 55 130 130 203 203 160 160 160 108 108 110 Overloaded Moves 27 | . . . . . . . . . . . . . . 27 . . . . . . . . . . . . Propulsion Burnouts . | . . . . . . . . . . . . . . . . . . . . . . . . . . . Robots Hopped . | . . . . . . . . . . . . . . . . . . . . . . . . . . . Potential Cave-ins 4 | . . . . . . . . . . . . . . 2 . . 2 . . . . . . . . . Cave-ins Triggered . | . . . . . . . . . . . . . . . . . . . . . . . . . . . Exploration Rate (%) 57 | 3 60 90 98 98 94 82 79 12 93 97 52 2 71 21 56 78 9 88 59 79 24 16 66 9 72 45 Regions Visited 26 Branch Regions 13 Pre-discovered Areas 2 | . 1 . . 1 . . . . . . . . . . . . . . . . . . . . . . Known Exits Taken 15 | . . . 1 . 1 . . 1 . . . . . 1 1 1 1 1 1 1 1 1 1 1 1 . Unknown Exits Taken 8 | 1 1 1 . 1 . . 1 . 1 1 1 . . . . . . . . . . . . . . . Scrap Searched 7 | . . 1 . 2 . . . . . . 3 . . . . 1 . . . . . . . . . . Spaces Dug 188 | . . . 24 . 1 56 30 2 18 . . . 2 12 . 9 3 3 . . 3 . 3 1 1 20 Terrain Destroyed 1431 | . . 3 158 20 146 56 252 53 322 10 . . 3 158 4 18 39 37 6 13 11 . 45 13 7 57 Melee 53 | . . . 3 . 1 17 . 1 . . . . . 8 . . 3 1 . . 3 . 3 . 1 12 Projectile 199 | . . . . . 6 . . 1 40 10 . . 3 11 4 18 13 36 6 13 8 . 14 11 5 . AOE 1176 | . . 3 155 20 139 39 252 51 282 . . . . 139 . . 23 . . . . . 28 . . 45 Terrain Rammed . | . . . . . . . . . . . . . . . . . . . . . . . . . . . Walls Destroyed . | . . . . . . . . . . . . . . . . . . . . . . . . . . . Machines Disabled . | . . . . . . . . . . . . . . . . . . . . . . . . . . . Actions | -11 -10 -10 -9 -9 -8 -8 -8 -7 -7 -7 -7 -5 -5 -5 -5 -5 -4 -4 -4 -4 -4 -3 -3 -2 -2 -1 --------- Run | Yrd Mat Min Mat Min Mat Gar Mat Fac Sto Rec Scr Fac Was Fac Upp Upp Fac Ext Cet Arc Hub Res Tes Res Qua Acc Total 31993 | 65 467 799 3139 703 2048 859 2678 531 9822 782 709 16 146 1482 392 770 463 1327 254 260 190 585 746 315 910 1535 Wait 12577 | 1 27 284 1282 144 405 113 1079 109 8178 27 19 . 9 135 4 2 111 192 19 109 15 36 25 1 170 81 Move 16259 | 49 408 482 1568 548 1360 631 1361 344 1338 598 637 15 97 1111 364 735 263 825 169 84 115 489 559 260 616 1233 Hop . | . . . . . . . . . . . . . . . . . . . . . . . . . . . Pick Up 213 | 7 7 2 27 2 39 2 13 5 17 3 8 . . 13 2 3 6 10 . 2 2 9 11 3 13 7 Fast Attach 201 | 6 2 . 15 . 8 2 10 5 5 7 5 . 2 29 . 3 4 29 7 5 . 15 20 7 12 3 Attach 71 | . . 4 2 1 9 . 5 2 4 1 1 1 3 9 2 . 2 5 1 1 3 3 2 3 2 5 Detach 71 | . . . 3 . 5 . 4 2 1 2 2 . 1 12 . 1 1 6 3 3 1 3 11 3 4 3 Swap 358 | . 3 . 27 2 36 21 42 15 62 12 16 . 7 8 2 1 3 26 . . 10 3 17 4 9 32 Drop 284 | . 6 . 27 . 28 5 21 5 22 8 12 . 16 27 . 3 5 28 9 4 1 11 15 4 22 5 Fire 1331 | 2 10 11 125 4 144 40 107 31 166 17 4 . 11 100 9 22 57 115 45 52 32 14 45 28 54 86 Melee 293 | . . . 4 . 1 35 3 7 3 29 5 . . 31 9 . 11 26 1 . 3 . 38 . 7 80 Ram . | . . . . . . . . . . . . . . . . . . . . . . . . . . . Kick 7 | . . . . . . . . . . . . . . . . . . 2 . . . . 3 2 . . Crush 97 | . 4 16 21 2 11 2 6 5 15 5 . . . . . . . . . . 8 2 . . . . Escape Stasis 20 | . . . . . . 8 . . 4 . . . . 7 . . . . . . . . . . 1 . Rewire 139 | . . . . . . . 2 1 . 73 . . . . . . . 63 . . . . . . . . Trap 72 | . . . 38 . 2 . 25 . 7 . . . . . . . . . . . . . . . . . Miscellaneous . | . . . . . . . . . . . . . . . . . . . . . . . . . . . Route ------- -11/Scrapyard -10/Materials (discovered 2 exits: *Min x2) -10/Mines (discovered 3 exits: *Mat x2 / [*Exi]) -9/Materials (discovered 5 exits: *Mat x3 / *Min x2) -9/Mines (discovered 2 exits: *Mat x2) -8/Materials (discovered 4 exits: *Fac x3 / Gar) -8/Garrison (discovered 3 exits: *Mat x3) -8/Materials (discovered 2 exits: *Fac x2) -7/Factory (discovered 4 exits: *Sto x2 / Low x2) -7/Storage (discovered 2 exits: [*Fac] / *Rec) -7/Recycling (discovered 2 exits: [*Fac] / [*Scr]) -7/Scraptown -5/Factory -5/Waste -5/Factory (discovered 2 exits: *Upp x2) -5/Upper Caves -5/Upper Caves (discovered 2 exits: *Fac / *War) -4/Factory (discovered 3 exits: *Upp x2 / *Ext) -4/Extension (discovered 3 exits: *Res x2 / *Cet) -4/Cetus (discovered 2 exits: *Res / *Arc) -4/Archives (discovered 3 exits: *Res / *Hub x2) -4/Hub_04(d) -3/Research (discovered 3 exits: Arm / *Tes x2) -3/Testing -2/Research (discovered 2 exits: *Qua x2) -2/Quarantine -1/Access To Epsilon Eridani History --------- Turn | Location | Event 8 | -11/Scrapyard | Discovered new exit (range 14) 100 | -11/Scrapyard | Entered Materials 172 | -10/Materials | Discovered new exit (range 16) 301 | -10/Materials | Build established: Mutant 318 | -10/Materials | Discovered new exit (range 16) 632 | -10/Materials | Central database locked down 834 | -10/Materials | Entered Mines 861 | -10/Mines | Assembled infested the area 866 | -10/Mines | Assisted by a Guerilla fighting off Assembled 1237 | -10/Mines | Deemed a non-threat by the Exiles lab entrance 1237 | -10/Mines | Discovered new exit (range 5) 1417 | -10/Mines | Discovered new exit (range 4) 1497 | -10/Mines | Learned location of 1 exit from Materials 1504 | -10/Mines | Learned Materials emergency access door positions 1608 | -10/Mines | Core integrity fell below 50% 1638 | -10/Mines | Lost 5 parts (1p1n3w) 1638 | -10/Mines | Discovered new exit (range 5) 1661 | -10/Mines | Received a Rocket Launcher from a helpful Derelict 1952 | -10/Mines | Entered Materials 1952 | -9/Materials | Evolved 2 slots: Propulsion x1, Utility x1 1953 | -9/Materials | Identified exit to Mines 1988 | -9/Materials | Repaired Lgt. Treads 2338 | -9/Materials | Discovered new exit (range 15) 2493 | -9/Materials | Build established: Scavenger-Mutant 2647 | -9/Materials | Central database locked down 2701 | -9/Materials | Discovered new exit (range 8) 2909 | -9/Materials | Repaired Spread Laser 3927 | -9/Materials | Discovered new exit (range 21) 5952 | -9/Materials | First assault squad dispatched 6049 | -9/Materials | Sterilization system engaged 6049 | -9/Materials | Non-combat units ordered to evacuate 6079 | -9/Materials | Destroyed 10 combat bots 6149 | -9/Materials | Combat units ordered to evacuate 6231 | -9/Materials | Entered Mines 6233 | -9/Mines | Discovered new exit (range 10) 6282 | -9/Mines | Assisted by bots powering up and referring to "LRC-V3" 6666 | -9/Mines | Received a Mining Laser from a helpful Derelict 6764 | -9/Mines | Discovered new exit (range 9) 7271 | -9/Mines | Entered Materials 7271 | -8/Materials | Accompanied by 3 allies 7271 | -8/Materials | Evolved 2 slots: Utility x2 7595 | -8/Materials | Discovered new exit (range 8) 7618 | -8/Materials | Central database locked down 8492 | -8/Materials | Discovered new exit (range 4) 8961 | -8/Materials | Lost 4 parts (3u1w) 9170 | -8/Materials | Build established: Mutant 9414 | -8/Materials | Garrison activated, responded to threat 9596 | -8/Materials | Repaired Hrd. Heavy Armor Plating 9684 | -8/Materials | Garrison activated, responded to threat 9761 | -8/Materials | Identified exit to Garrison 9817 | -8/Materials | Garrison activated, responded to threat 9920 | -8/Materials | Build established: Scavenger-Mutant 10012 | -8/Materials | Discovered new exit (range 10) 10471 | -8/Materials | First assault squad dispatched 10649 | -8/Materials | Sterilization system engaged 10649 | -8/Materials | Non-combat units ordered to evacuate 10702 | -8/Materials | Repaired Hcp. Storage Unit 10749 | -8/Materials | Combat units ordered to evacuate 10949 | -8/Materials | Ambient heat levels rising (+10) 11059 | -8/Materials | Entered Garrison 11093 | -8/Garrison | Triggered checkpoint 11330 | -8/Garrison | Spotted B-75 Beast 11330 | -8/Garrison | Spotted B-75 Beast 11471 | -8/Garrison | Garrison Relay disabled 11673 | -8/Garrison | Triggered checkpoint 11745 | -8/Garrison | Discovered new exit (range 4) 11787 | -8/Garrison | Learned Materials security intel 11803 | -8/Garrison | Triggered checkpoint 12011 | -8/Garrison | Triggered checkpoint 12103 | -8/Garrison | Triggered checkpoint 12259 | -8/Garrison | Discovered new exit (range 12) 12371 | -8/Garrison | Triggered checkpoint 12581 | -8/Garrison | Triggered checkpoint 12695 | -8/Garrison | Discovered new exit (range 13) 12748 | -8/Garrison | Installed Relay Interface Framework 12796 | -8/Garrison | Entered Materials 13076 | -8/Materials | Core integrity fell below 50% 13214 | -8/Materials | Discovered new exit (range 8) 13374 | -8/Materials | Destroyed 8 combat bots 13823 | -8/Materials | Build established: Mutant 14396 | -8/Materials | First assault squad dispatched 14608 | -8/Materials | Repaired Hrd. Heavy Armor Plating 14647 | -8/Materials | Repaired Arm. Treads+ 14686 | -8/Materials | Repaired Hrd. Medium Armor Plating 15176 | -8/Materials | Discovered new exit (range 16) 15700 | -8/Materials | Build established: Scavenger-Mutant 16879 | -8/Materials | Sterilization system engaged 16879 | -8/Materials | Non-combat units ordered to evacuate 16979 | -8/Materials | Combat units ordered to evacuate 17102 | -8/Materials | Entered Factory 17102 | -7/Factory | Accompanied by 1 ally 17102 | -7/Factory | Evolved 2 slots: Utility x2 17416 | -7/Factory | Identified exit to Storage 17416 | -7/Factory | Identified exit to Lower Caves 17472 | -7/Factory | Repaired Hrd. Heavy Armor Plating 18106 | -7/Factory | Entered Storage 18342 | -7/Storage | Used back door to open Recycling access 18342 | -7/Storage | Discovered new exit (range 5) 18506 | -7/Storage | Discovered new exit (range 12) 18747 | -7/Storage | Build established: Bothacker-Mutant 19540 | -7/Storage | Found Prototype Protection 19540 | -7/Storage | Identified Lgt. Regenerative Plating 19601 | -7/Storage | Met 01-MTF 20487 | -7/Storage | Build established: Mutant 20906 | -7/Storage | First assault squad dispatched 26022 | -7/Storage | Build established: Scavenger-Mutant 28146 | -7/Storage | Destroyed 7 combat bots 29318 | -7/Storage | High security lockdown imminent 29351 | -7/Storage | Sterilization system engaged 29351 | -7/Storage | Non-combat units ordered to evacuate 29351 | -7/Storage | Destroyed 14 combat bots 29451 | -7/Storage | Combat units ordered to evacuate 29651 | -7/Storage | Ambient heat levels rising (+10) 29679 | -7/Storage | Entered Recycling 30551 | -7/Recycling | Build established: Commander-Mutant 30608 | -7/Recycling | Discovered new exit (range 9) 30628 | -7/Recycling | Watched by a mysterious "MATRIX" hacker. 31028 | -7/Recycling | Scanned before Scraplab entrance 31056 | -7/Recycling | Entered Scraplab 31072 | -7/Recycling | Discovered new exit (range 4) 31097 | -7/Recycling | Entered Scraptown 31097 | -7/Scraptown | Accompanied by 13 allies 31099 | -7/Scraptown | System corruption cleaned by C-Scrubber 31212 | -7/Scraptown | Attached CPS modules to Grenadier 4c. 31214 | -7/Scraptown | Attached CPS modules to Grenadier 4b. 31240 | -7/Scraptown | Attached CPS modules to Gladiator 4a. 31245 | -7/Scraptown | Attached CPS modules to Gladiator 4b. 31686 | -7/Scraptown | Discovered new exit (range 11) 31846 | -7/Scraptown | Visited Symbiants 31864 | -7/Scraptown | Visited Fellowship of the Rings 31956 | -7/Scraptown | Visited Comm Corps 32008 | -7/Scraptown | Turned away by UFD registrar 32036 | -7/Scraptown | Visited CR-KLE's Repair Center 32087 | -7/Scraptown | CR-KLE repaired 9 parts 32191 | -7/Scraptown | Visited Science Testing Area 32492 | -7/Scraptown | Entered Factory 32492 | -5/Factory | Accompanied by 11 allies 32492 | -5/Factory | Evolved 4 slots: Power x1, Propulsion x3 32522 | -5/Factory | Sucked down chute 32522 | -5/Factory | Entered Waste 32523 | -5/Waste | Met a frightened Derelict 32537 | -5/Waste | EMP discharged 32556 | -5/Waste | Spotted C-40 Crusher 32573 | -5/Waste | Spotted C-40 Crusher 32577 | -5/Waste | Allies destroyed C-40 Crusher 32581 | -5/Waste | Spotted C-40 Crusher 32596 | -5/Waste | Allies destroyed C-40 Crusher 32611 | -5/Waste | Found Prototype Processor 32611 | -5/Waste | Identified Exp. Target Analyzer 32631 | -5/Waste | Discovered new exit (range 11) 32631 | -5/Waste | Spotted C-40 Crusher 32637 | -5/Waste | EMP discharged 32637 | -5/Waste | System corruption reached 10% 32647 | -5/Waste | Entered Factory 32762 | -5/Factory | 11 allies followed down the chute 32785 | -5/Factory | Found Prototype Launcher 32785 | -5/Factory | Identified Smartbomb Launcher 32788 | -5/Factory | Found Smartbomb Launcher 32827 | -5/Factory | Build established: Scavenger-Mutant 32840 | -5/Factory | Fabricated Adv. Transmission Jammer? 33083 | -5/Factory | Identified exit to Upper Caves 33450 | -5/Factory | Cargo convoy interrupted 33492 | -5/Factory | Destroyed 8 combat bots 33498 | -5/Factory | Found Prototype Processor 33498 | -5/Factory | Identified Exp. Signal Interpreter 33500 | -5/Factory | Found Prototype Device 33544 | -5/Factory | Identified Exp. Focal Shield 33829 | -5/Factory | Lost 5 parts (2p1n1u1w) 33847 | -5/Factory | First assault squad dispatched 33885 | -5/Factory | Entered Upper Caves 33914 | -5/Upper Caves | Lost 4 parts (2n2u) 34120 | -5/Upper Caves | Discovered new exit (range 9) 34127 | -5/Upper Caves | Identified exit to Upper Caves 34139 | -5/Upper Caves | Entered another Upper Caves area 34141 | -5/Upper Caves | Build established: Mutant 34198 | -5/Upper Caves | Discovered new exit (range 9) 34269 | -5/Upper Caves | Learned location of 1 exit from Proximity Caves 34483 | -5/Upper Caves | Discovered new exit (range 12) 34488 | -5/Upper Caves | Identified exit to Warlord 34600 | -5/Upper Caves | Identified exit to Factory 34601 | -5/Upper Caves | Entered Factory 34601 | -4/Factory | Evolved 2 slots: Propulsion x1, Utility x1 34602 | -4/Factory | Identified exit to Upper Caves 34688 | -4/Factory | Discovered exit to Upper Caves (range 21) 34844 | -4/Factory | Lost 3 parts (2p1n) 35093 | -4/Factory | Discovered new exit (range 6) 35096 | -4/Factory | Identified exit to Extension 35097 | -4/Factory | Entered Extension 35385 | -4/Extension | Rescued a captive Derelict 35385 | -4/Extension | Rescued a captive Derelict 35469 | -4/Extension | Rescued a captive Derelict 35469 | -4/Extension | Rescued a captive Derelict 35571 | -4/Extension | Rescued A7 35638 | -4/Extension | Build established: Scavenger-Mutant 35847 | -4/Extension | First assault squad dispatched 35853 | -4/Extension | Lost 3 allies 36004 | -4/Extension | Spotted B-86 Titan 36014 | -4/Extension | Spotted B-86 Titan 36046 | -4/Extension | Discovered new exit (range 5) 36051 | -4/Extension | Allies destroyed B-86 Titan 36070 | -4/Extension | Lost 5 allies 36092 | -4/Extension | Allies destroyed B-86 Titan 36100 | -4/Extension | Lost 7 parts (2p2n2u1w) 36118 | -4/Extension | Extracted ID and sensor layout for unrecognized location from A7's data core 36347 | -4/Extension | Rescued a captive Derelict 36371 | -4/Extension | Rescued a captive Derelict 36680 | -4/Extension | Discovered new exit (range 10) 36682 | -4/Extension | Discovered new exit (range 6) 36699 | -4/Extension | Identified exit to Research 36704 | -4/Extension | Identified exit to Cetus 36719 | -4/Extension | Entered Cetus 36719 | -4/Cetus | Accompanied by 8 allies 36731 | -4/Cetus | Spotted Cetus Guard 36732 | -4/Cetus | Spotted Cetus Guard 36732 | -4/Cetus | Spotted Cetus Guard 36736 | -4/Cetus | Destroyed Cetus Guard 36736 | -4/Cetus | Spotted Cetus Guard 36749 | -4/Cetus | Destroyed Cetus Guard 36751 | -4/Cetus | Destroyed Cetus Guard 36769 | -4/Cetus | Allies destroyed Cetus Guard 36787 | -4/Cetus | Lost 5 allies 36840 | -4/Cetus | Discovered new exit (range 21) 36865 | -4/Cetus | Spotted Cetus Guard 36903 | -4/Cetus | Spotted Cetus Guard 36904 | -4/Cetus | Spotted Cetus Guard 36913 | -4/Cetus | Destroyed Cetus Guard 36913 | -4/Cetus | Spotted Cetus Guard 36919 | -4/Cetus | Destroyed Cetus Guard 36933 | -4/Cetus | Destroyed Cetus Guard 36969 | -4/Cetus | Destroyed Cetus Guard 36981 | -4/Cetus | Discovered exit to Research (range 21) 36996 | -4/Cetus | Met Revision 17 37090 | -4/Cetus | Identified exit to Archives 37094 | -4/Cetus | Entered Archives 37094 | -4/Archives | Accompanied by 2 allies 37259 | -4/Archives | Discovered new exit (range 22) 37305 | -4/Archives | Discovered new exit (range 22) 37416 | -4/Archives | Discovered exit to Research (range 22) 37466 | -4/Archives | Identified exit to Hub_04(d) 37470 | -4/Archives | Entered Hub_04(d) 37497 | -4/Hub_04(d) | Imp. Hacking Suite fried by hacking feedback 37532 | -4/Hub_04(d) | Network Hub disabled 37632 | -4/Hub_04(d) | Destroyed 8 combat bots 37746 | -4/Hub_04(d) | Identified exit to Garrison 37766 | -4/Hub_04(d) | Spotted Lightning 37768 | -4/Hub_04(d) | Spotted Lightning 37769 | -4/Hub_04(d) | Spotted Lightning 37781 | -4/Hub_04(d) | Discovered exit to Research (range 10) 37785 | -4/Hub_04(d) | System corruption reached 10% 37799 | -4/Hub_04(d) | Entered Research 37799 | -3/Research | Evolved 2 slots: Power x1, Weapon x1 37829 | -3/Research | Lost 9 parts (2p3n3u1w) 37859 | -3/Research | Found Gamma Bomb Array 37999 | -3/Research | Revision forces began assault on 0b10 38007 | -3/Research | Met up with Revision 17++ 38129 | -3/Research | Spotted B-86 Titan 38201 | -3/Research | Identified exit to Armory 38201 | -3/Research | Identified exit to Testing 38262 | -3/Research | Fabricated Enh. Hardcell Cannon (x2) 38499 | -3/Research | Research terminal network offline 38697 | -3/Research | Entered Testing 38756 | -3/Testing | Found Prototype Leg 38756 | -3/Testing | Identified Myomer Exoskeleton 38809 | -3/Testing | Build established: Scavenger-Tank 38950 | -3/Testing | Found Prototype Launcher 38952 | -3/Testing | Identified Z-bomb Delivery System 39127 | -3/Testing | Discovered new exit (range 17) 39205 | -3/Testing | Found Prototype Device 39205 | -3/Testing | Identified AEGIS Remote Shield 39358 | -3/Testing | Lost 4 parts (1p1n1u1w) 39395 | -3/Testing | Build established: Scavenger-Mutant 39470 | -3/Testing | Identified exit to Research 39527 | -3/Testing | Spotted PX-VU8ZVPIOT3 39548 | -3/Testing | Destroyed PX-VU8ZVPIOT3 39571 | -3/Testing | System corruption reached 10% 39579 | -3/Testing | System corruption reached 30% 39647 | -3/Testing | Entered Research 39647 | -2/Research | Evolved 2 slots: Utility x2 39901 | -2/Research | Identified exit to Quarantine 40035 | -2/Research | Entered Quarantine 40198 | -2/Quarantine | Repaired Gamma Bomb Array 40281 | -2/Quarantine | Repaired Exp. Utility Shielding 40314 | -2/Quarantine | Found Alien Slashing Weapon 40366 | -2/Quarantine | Found Alien Artifact 40368 | -2/Quarantine | Identified Subatomic Replicator 40368 | -2/Quarantine | Used Subatomic Replicator to replicate AEGIS Remote Shield 40407 | -2/Quarantine | Cryocooling Duct disabled 40422 | -2/Quarantine | Ambient heat levels rising (+20) 40422 | -2/Quarantine | Non-combat units ordered to evacuate 40574 | -2/Quarantine | Found Alien Impact Weapon 40610 | -2/Quarantine | Build established: Scavenger-Gunner 40612 | -2/Quarantine | Found Alien Reactor 40617 | -2/Quarantine | Identified Sigix Broadsword 40819 | -2/Quarantine | Found Hvy. Reflective Plating 40920 | -2/Quarantine | Build established: Scavenger-Mutant 40993 | -2/Quarantine | Found Alien Artifact 41030 | -2/Quarantine | Discovered new exit (range 5) 41059 | -2/Quarantine | Identified exit to Access 41060 | -2/Quarantine | Entered Access 41060 | -1/Access | Evolved 2 slots: Utility x2 41512 | -1/Access | System corruption reached 10% 42071 | -1/Access | P-80 Master assimilated allied Warden 10a 42111 | -1/Access | Build established: Hacker-Mutant 42472 | -1/Access | Identified exit to Surface 42652 | -1/Access | Garrison activated, responded to threat 42760 | -1/Access | Build established: Scavenger-Mutant 42913 | -1/Access | Identified Matter Drive 42927 | *** | Escaped! Last Messages --------------- K0uN73r n37WoRk 7Hr3475 5ucH 42 ur53Lf. SOON ENOUGH. 42888_ Slug penetrates Wall. 42888_ K-01 Serf collects debris. 42889_ System corrupted: Heat flow error (+190). 42891_ Penetrated by Slug. 42891_ K-01 Serf collects debris. 42894_ Slug penetrates Wall. 42894_ K-01 Serf collects debris. 42897_ Penetrated by Slug. 42897_ Slug penetrates Garrison Access. 42897_ Y-72 Warden destroyed. 42898_ K-01 Serf collects debris. 42900_ Acquired 84 matter. 42905_ K-01 Serf collects debris. 42905_ R-10 Processor collects Quantum Rifle. 42906_ K-01 Serf collects debris. 42907_ System corrupted: Energy discharge (-323). 42913_ Identified Matter Drive. 42920_ Main Access Shell breached. 42922_ System corrupted: Substantial component data lost. Map ----- +----------------------------------------------------+ | ?????????????????????????????????# #??? | | ?????????????????????????????????# #??? | | ???????????#?????????????????????# "" #??? | | ???????????# ????????????????????# "" #??? | | ???????????# ??????????????####### """"""#??? | | ???????????# ????????? + / """"""#??? | | ???????????# ???????????######### [ "" #??? | | ???????????+ ???????????????????# [ "" #??? | | ???????????# ???#######?????????# *== #??? | | ???????????# ##### ####?????????# %[%! #??? | | ? #######% #############/###########?? | | ? = kk | | ??" k | | ????????####### # ""##################? | | ?????????# ### ""#?????????????????? | | ?????????# #?# ""#?????????????????? | | ?????????# " kkR #?# T#?????????????????? | | ?????????# """ = ### "#?????????????????? | | ?????????# G ## ""#?????????????????? | | ?????????# """ ### ""#?????????????????? | | ?????????# " ##""""""""""""?????????????????? | | ?????????# ""; #?????????????????? | | ?????????# " " #?????????????????? | | ?????????########"" " """"" #?????????????????? | | ????????????????##### " "????????????????????? | | ????????????????????# " @" "????????????????????? | | ????????????????????# " "" "????????????????????? | | ????????????????????# " "????????????????????? | | ????????????????????# """"""????????????????????? | | ????????????????????# ?????????????????????????? | | ????????????????????#"""?????????????????????????? | | ?????????????????????????????????????????????????? | | ?????????????????????????????????????????????????? | | ?????????????????????????????????????????????????? | | ?????????????????????????????????????????????????? | | ??????????????????????BB????BB???????????????????? | | ??????????????????????BB????BB???????????????????? | | ?????????????????????????????????????????????????? | | ?????????????????????????????????????????????????? | | ?????????????????????????????????????????????????? | | ?????????????????????????????????????????????????? | | ?????????????????????????????????????????????????? | | ?????????????????????????????????????????????????? | | ?????????????????????????????????????????????????? | | ?????????????????????????????????????????????????? | | ?????????????????????????????????????????????????? | | ?????????????????????????????????????????????????? | | ?????????????????????????????????????????????????? | | ?????????????????????????????????????????????????? | | ?????????????????????????????????????????????????? | +----------------------------------------------------+ Best States ------------- Heat Dissipation 90 Energy Generation 83 Energy Capacity 1070 Matter Stores 300 Matter Capacity 300 Sight Range 22 Robot Scan Range 16 Terrain Scan Density 10 Jamming Range 16 Cloak Strength 3 Power Amplification 40 Armor Coverage 900 Resistance: KI 30 Resistance: EM 25 Propulsion Shielding 33 Utility Shielding 90 Point Defense Rating 240 Phase Shifting 10 Evasion (%) 70 Targeting Accuracy 8 Core Analysis 6 Recoil Reduction 7 Offensive Hacking 22 Defensive Hacking 14 Relay Coupler Types 1 Relay Coupler Value 27 Authchip Count 1 Trap Extractor Capacity 4 Item Schematics ----------------- Imp. Light Armor Plating | -8/Materials | Scanalyzed Robot Schematics ------------------ S-27 Virus | -7/Recycling | Hacked Fabricated ------------ Adv. Transmission Jammer | x2 | -5/Factory | Preloaded Enh. Hardcell Cannon | x2 | -3/Research | Preloaded Repaired ---------- Lgt. Treads | 25% | -9/Materials Spread Laser | 35% | -9/Materials Hrd. Heavy Armor Plating | 50% | -8/Materials Hcp. Storage Unit | 28% | -8/Materials Hrd. Heavy Armor Plating | 50% | -8/Materials Arm. Treads | 40% | -8/Materials Hrd. Medium Armor Plating | 73% | -8/Materials Hrd. Heavy Armor Plating | 58% | -7/Factory Gamma Bomb Array | 14% | -2/Quarantine Exp. Utility Shielding | 30% | -2/Quarantine Studied --------- Lgt. Treads | -9/Materials | Hacked Arm. Treads | -8/Materials | Hacked Rocket Launcher | -8/Materials | Hacked Missile Launcher | -8/Materials | Hacked Imp. Thunder Leg | -3/Testing | Hacked Enh. Hardcell Cannon | -3/Testing | Hacked Lgt. Antimatter Reactor | -3/Testing | Hacked Biometal Leg | -2/Research | Hacked Mic. Antimatter Reactor | -2/Research | Hacked Lrn. Proton Cannon | -2/Research | Hacked Centrium Leg | -2/Quarantine | Hacked Hyp. Railgun | -2/Quarantine | Hacked Lgt. Quantum Reactor | -2/Quarantine | Hacked Alien Tech Used ----------------- Subatomic Replicator Sigix Broadsword Matter Drive Achievements -------------- Scorched Earth Challenges ------------ None Game ------ Seed MetafiberAnalysisCarapace Manual? 0 Play Time 03:57:34 Cumulative 2214.6 hours Start 2026.03.25 @ 02:26:55 End 2026.03.25 @ 16:11:40 Sessions 5 Manual Loads 0 Difficulty Rogue Special Mode None Game No. 1399 Rogue 1395 Adventurer 4 Explorer 0 Win Type 0 Total 314 Types 235/14/26/11/3/1/5/10/5/4 Lore% 99 Gallery% 96 Achievement% 93 Wizard Run 0 Options --------- Layout 2 ASCII 0 Keyboard 1 Movement Vi Keybinds 0 Fullscreen 0 Font 24/Terminus Map View 59x48 Zoom Use 0% Tactical HUD 1 Map Filters NONE Filters NONE Steam 1 RUN: ad597a19-bb61-4ce3-a6a9-41ec5793b5b4